 Dungeon Crawl Stone Soup version 0.31-a0-246-g8cbcc1cb85 (webtiles) character file.

Game seed: 14950837794259407641

72 qw the Shooter (level 4, 0/36 HPs)
             Began as a Minotaur Hexslinger on July 12, 2023.
             Slain by Sigmund
             ... wielding a +0 scythe
              (3 damage)
             ... on level 2 of the Dungeon.
             The game lasted 00:00:28 (1020 turns).

qw the Shooter (Minotaur Hexslinger)                Turns: 1020, Time: 00:00:28

Health: 0/36       AC:  3    Str: 12    XL:     4   Next: 7%
Magic:  4/4        EV: 12    Int: 10    God:
Gold:   41         SH:  0    Dex: 15    Spells: 4/5 levels left

rFire   . . .        Y - +1 sling
rCold   . . .        (no shield)
rNeg    . . .        e - +0 leather armour
rPois   .            (helmet restricted)
rElec   .            (no cloak)
rCorr   .            (no gloves)
SInv    .            (no boots)
Will    .....        (no amulet)
Stlth   +            (no ring)
HPRegen 0.26/turn    (no ring)
MPRegen 0.09/turn

%: no passive effects
@: confused
A: horns 2, retaliatory headbutt
a: no special abilities


You were on level 2 of the Dungeon.
You visited 1 branch of the dungeon, and saw 2 of its levels.

You collected 65 gold pieces.
You spent 24 gold pieces at shops.


Innate Abilities, Weirdness & Mutations

You have a pair of horns on your head.
You reflexively headbutt those who attack you in melee.


   Skills:
 - Level 2.0 Fighting
 + Level 4.6 Ranged Weapons
 - Level 2.1 Dodging
 - Level 1.0 Spellcasting
 - Level 2.0 Hexes


You had 4 spell levels left.
You knew the following spells:

 Your Spells              Type           Power      Damage    Failure   Level
a - Slow                  Hex            16%        N/A       19%         1

Your spell library contained the following spells:

 Spells                   Type           Power      Damage    Failure   Level
 Inner Flame              Hex/Fire       2%         N/A       65%         3
 Portal Projectile        Hex/Tloc       4%         N/A       65%         3
 Cause Fear               Hex            2%         N/A       88%         4

Inventory:

Hand Weapons
 Y - a +1 sling (weapon)
Armour
 e - a +0 leather armour (worn)
Scrolls
 a - 2 scrolls of identify
 b - a scroll of revelation {unknown}
 c - a scroll of amnesia {unknown}
 j - a scroll of teleportation
Potions
 g - a potion of curing

Dungeon Overview and Level Annotations

Branches:
Dungeon (2/15)

Altars:

Shops:
D:1 *

Annotations:
D:2 Sigmund


Message History

You shoot a sling bullet. The sling bullet hits Sigmund!
Sigmund is moderately wounded.
Sigmund hits you from afar with a +0 scythe.
You shoot a sling bullet.
The sling bullet closely misses Sigmund.
Sigmund misses you.
You shoot a sling bullet.
The sling bullet completely misses Sigmund.
You shoot a sling bullet. The sling bullet hits Sigmund.
Sigmund is heavily wounded.
Sigmund casts a spell at you. The magic dart hits you.
You shoot a sling bullet. The sling bullet hits Sigmund!
Sigmund is severely wounded.
Sigmund hits you from afar with a +0 scythe.
You shoot a sling bullet.
The sling bullet completely misses Sigmund.
Sigmund mumbles some strange words.
Sigmund flickers and vanishes!
Deactivating autopickup; reactivate with Ctrl-A.
You shoot a sling bullet.
You hear some strange, mumbled words.
Something tries to affect you, but you resist.
You shoot a sling bullet. Something hits you.
You shoot a sling bullet. Something hits you but does no damage.
You shoot a sling bullet. Something hits you.
You shoot a sling bullet. Something hits you!
You shoot a sling bullet.
A magic dart appears from out of thin air!
The magic dart hits you.
You shoot a sling bullet.
You hear some strange, mumbled words.
You are confused.
You shoot a sling bullet. Something hits you.
You die...

####..#.#.....
......#.#......
####...........
......######.##
###........#.#
......####.#.# ##
)##...#....#.# {#
.##...#.####.####.#
......#.........@[#
.##.#.#############
###.... # ...... #
####... # # # # #


There were no monsters in sight!

Vanquished Creatures
  3 adders
  An ufetubus (D:1)
  A worm (D:2)
  A dart slug (D:1)
  An orc (D:2)
  6 ball pythons
  A bat (D:2)
  3 endoplasms (D:1)
  3 giant cockroaches
  A hobgoblin (D:1)
  2 jackals (D:2)
  A quokka (D:1)
  2 frilled lizards (D:1)
  3 kobolds (D:1)
  4 rats
33 creatures vanquished.

Notes
Turn   | Place    | Note
-------+----------+-------------------------------------------
     0 | D:1      | qw the Minotaur Hexslinger began the quest for the Orb.
     0 | D:1      | Reached XP level 1. HP: 16/16 MP: 1/1
     0 | D:1      | 0 ||| qw: Version: 0.3-a-52-g30416fa
     0 | D:1      | 0 ||| qw: Game counter: 6349
     0 | D:1      | 0 ||| qw: Melee chars always use a shield: true
     0 | D:1      | 0 ||| qw: God list: Okawaru
     0 | D:1      | 0 ||| qw: Allow faded altars: false
     0 | D:1      | 0 ||| qw: Do Orc after clearing Dungeon:15 true
     0 | D:1      | 0 ||| qw: Do second Lair branch before Depths: true
     0 | D:1      | 0 ||| qw: Lair rune preference: random
     0 | D:1      | 0 ||| qw: Goals: Normal
     0 | D:1      | 0 ||| PLANNING D:1-11
   259 | D:1      | Reached skill level 3 in Ranged Weapons
   259 | D:1      | Reached XP level 2. HP: 23/23 MP: 2/2
   292 | D:1      | Found Juumm's Assorted Antiques.
   299 | D:1      | 299 ||| BUYING scroll labelled REHUMENIKK (24 gold).
   299 | D:1      | Bought a scroll labelled REHUMENIKK for 24 gold pieces
   299 | D:1      | 299 ||| SHOPLISTING scroll labelled REHUMENIKK (24 gold,
                  | have 1).
   299 | D:1      | 299 ||| SHOPLISTING scroll labelled ULOLOPT GUDO (24 gold,
                  | have 1).
   570 | D:1      | 570 ||| UPGRADING to +0 leather armour.
   580 | D:1      | 580 ||| DROPPING +0 robe.
   581 | D:1      | 581 ||| READING 3 scrolls labelled BOSUWE LUOWIWK.
   582 | D:1      | 582 ||| READING scroll labelled REHUMENIKK.
   583 | D:1      | 583 ||| READING scroll labelled JAIMUG DYNAHELA.
   584 | D:1      | 584 ||| READING 3 scrolls labelled QUUXZI QISE.
   588 | D:1      | 588 ||| DRINKING 2 inky potions.
   589 | D:1      | 589 ||| READING 2 scrolls of identify.
   589 | D:1      | 589 ||| IDENTIFYING clear potion
   590 | D:1      | 590 ||| DROPPING scroll of poison.
   591 | D:1      | 591 ||| DROPPING potion of degeneration.
   628 | D:2      | 628 ||| STAIRDANCE
   633 | D:1      | HP: 6/24 [ufetubus (1)]
   634 | D:1      | 634 ||| READING 2 scrolls of teleportation.
   637 | D:1      | Reached XP level 3. HP: 5/29 MP: 3/3
   743 | D:2      | 743 ||| STAIRDANCE
   824 | D:2      | Reached skill level 4 in Ranged Weapons
   944 | D:2      | Reached XP level 4. HP: 35/36 MP: 4/4
  1004 | D:2      | Noticed Sigmund
  1017 | D:2      | HP: 5/36 [something (7)]
  1020 | D:2      | Slain by Sigmund

Levels and vault maps discovered:
D:1:      heliophobic_arrival_battle_scene, layout_basic, serial_shops,
          nicolae_shop_rolling_square
D:2:      layout_loops_ring, roderic_lattice_a, minmay_strange_pillars,
          uniq_robin, uniq_sigmund

Skill      XL: |  1  2  3 |
---------------+----------+-----
Ranged Weapons | 3 4 |  4.6
Fighting       | 2 |  2.0
Dodging        | |  2.1
Spellcasting   | |  1.0
Hexes          | |  2.0

Action                     |  1- 3 |  4- 6 || total
---------------------------+-------+-------++-------
   Fire: Sling             |    82 |    23 ||   105
    Use: Scroll            |     6 |       ||     6
         Potion            |     1 |       ||     1
 Armour: Leather armour    |     9 |     3 ||    12
         Robe              |     1 |       ||     1
  Dodge: Dodged            |    41 |     6 ||    47

Table legend:
 A = Non-vault XP
 B = Vault XP
 C = Vault XP percentage of total XP
 D = Non-vault monster count
 E = Vault monster count
 F = Vault count percentage of total count
                 A         B        C        D         E       F
            +---------+---------+-------+---------+---------+-------
      Total |     104 |       0 |   0.0 |      33 |       0 |   0.0
            +---------+---------+-------+---------+---------+-------
        D:1 |      56 |       0 |   0.0 |      22 |       0 |   0.0
        D:2 |      48 |       0 |   0.0 |      11 |       0 |   0.0
            +---------+---------+-------+---------+---------+-------
